 Dungeon Crawl Stone Soup version 0.31-a0-142-g31f6795574 (webtiles) character file.

Game seed: 12115575688756658495

252 gelatine the Conjurer (level 5, -1/35 (36) HPs)
             Began as a Demonspawn Conjurer on June 3, 2023.
             Slain by a goblin
             ... wielding a +0 dagger
             ... led by Robin
              (3 damage)
             ... on level 2 of the Dungeon.
             The game lasted 00:06:57 (2766 turns).

gelatine the Conjurer (Demonspawn Conjurer)         Turns: 2766, Time: 00:06:58

HP:   -1/35 (36)    AC:  3    Str:  7    XL:     5   Next: 89%
MP:   3/9           EV: 12    Int: 21    God:
Gold: 103           SH:  0    Dex: 12    Spells: 4/10 levels left

rFire   . . .        k - staff of poison
rCold   . . .        (no shield)
rNeg    . . .        a - +0 robe
rPois   +            (no helmet)
rElec   .            (no cloak)
rCorr   .            j - +0 pair of gloves
SInv    .            (no boots)
Will    .....        (no amulet)
Stlth   ++           (no ring)
HPRegen 0.25/turn    (no ring)
MPRegen 0.11/turn

%: no passive effects
@: lightly drained
A: claws 1
a: no special abilities


You were on level 2 of the Dungeon.
You visited 1 branch of the dungeon, and saw 3 of its levels.

You collected 103 gold pieces.

Inventory:

Hand Weapons
 f - a +0 short sword
 n - a +0 dagger of draining
Armour
 a - a +0 robe (worn)
 j - a +0 pair of gloves (worn)
Magical Staves
 k - a staff of poison (weapon)
Scrolls
 d - 2 scrolls of identify {unknown}
 e - a scroll of noise {unknown}
 g - 2 scrolls of amnesia {unknown}
 i - a scroll of teleportation {unknown}
 l - a scroll of brand weapon {unknown}
Potions
 b - a potion of magic
 c - a potion of cancellation {unknown}
 h - a potion of brilliance {unknown}
 m - a potion of enlightenment {unknown}


   Skills:
 * Level 0.7 Fighting
 + Level 0.5 Short Blades
 + Level 0.3 Staves
 * Level 2.4 Dodging
 + Level 2.0 Stealth
 * Level 3.1 Spellcasting
 * Level 5.5 Conjurations
 * Level 1.0 Hexes
 * Level 0.9 Poison Magic
 * Level 0.8 Evocations


You had 4 spell levels left.
You knew the following spells:

 Your Spells              Type           Power      Damage    Failure   Level
a - Magic Dart            Conj           100%       1d8       1%          1
b - Searing Ray           Conj           52%        2d6       1%          2
c - Dazzling Flash        Conj/Hex       34%        N/A       10%         3

Your spell library contained the following spells:

 Spells                   Type           Power      Damage    Failure   Level
 Fulminant Prism          Conj/Hex       8%         3d7       32%         4
 Iskenderun's Mystic Bla  Conj/Tloc      14%        2d5       38%         4


Dungeon Overview and Level Annotations

Branches:
Dungeon (3/15)

Altars:

Shops:
D:2 (

Annotations:
D:3 Robin


Innate Abilities, Weirdness & Mutations

You have sharp fingernails.


Message History

The goblin hits you but does no damage.
You closely miss the goblin. The adder misses you.
The goblin hits you with a +0 dagger. The goblin hits you but does no damage.
The goblin misses you. The hobgoblin misses you.
The goblin hits you with a +0 dagger. The adder closely misses you.
The worm bites you! The goblin closely misses you.
The goblin hits you with a +0 dagger of distortion.
Space warps around you. The goblin hits you with a +0 dagger.
Robin roars a battlecry!
The goblins go into a battle-frenzy!
The adder misses you. The goblin closely misses you. x2
The worm barely misses you.
You climb upwards.
There is a stone staircase leading down here.
Casting: Dazzling Flash (quite dangerous; 10% risk of failure)
Confirm with . or Enter, or press ? or * to list all spells.
Aiming: Searing Ray (safe; 1% risk of failure)
Press: ? - help, Shift-Dir - straight line, f - goblin
Aim: a goblin, wielding a +0 club (strong, 74% to hit)
The searing ray hits the goblin!
You kill the goblin!
The searing ray hits the goblin.
The goblin is severely wounded. (Press . to maintain the ray.)
The adder is no longer blind.
The goblin is no longer blind.
The adder closely misses you. The hobgoblin hits you.
* * * LOW HITPOINT WARNING * * *
The goblin hits you with a +0 dagger.
* * * LOW HITPOINT WARNING * * *
The goblin hits you with a +0 dagger.
* * * LOW HITPOINT WARNING * * *
The goblin hits you with a +0 dagger.
* * * LOW HITPOINT WARNING * * *
The adder bites you but does no damage.
The searing ray hits the goblin.
You kill the goblin!
The goblin is no longer blind.
The goblin closely misses you. The goblin hits you with a +0 dagger.
You die...

########### ##.#.......#
##....#####.#
########...Sw#####.##########
#..........g@)......†)......#
#.####.....ggg...#.########.#
#.# #.##..........# #.# #.#
##.###.#.....#.# #.# #.#
#......#.......# #.#
#.###..######.#.#### #.#
#.......# #.#.# #.#
#.......#####.#'## #.#
#.###............## #..


You could see a worm, an adder, a hobgoblin (strong, blind) and 3 goblins.

Vanquished Creatures
  Sigmund (D:2)
  3 adders (D:2)
  3 worms (D:2)
  A dart slug (D:2)
  An orc (D:2)
  5 bats
  An endoplasm (D:1)
  2 giant cockroaches (D:2)
  6 hobgoblins
  6 kobolds
  3 ball pythons (D:1)
  7 frilled lizards
  11 goblins
  3 rats
53 creatures vanquished.

Notes
Turn   | Place    | Note
-------+----------+-------------------------------------------
     0 | D:1      | gelatine the Demonspawn Conjurer began the quest for the
                  | Orb.
     0 | D:1      | Reached XP level 1. HP: 13/13 MP: 3/3
   186 | D:1      | Gained mutation: You have sharp fingernails. [demonic
                  | ancestry]
   186 | D:1      | Reached XP level 2. HP: 5/19 MP: 0/5
  1119 | D:2      | Reached XP level 3. HP: 24/24 MP: 0/6
  1495 | D:2      | Noticed Sigmund
  1501 | D:2      | Learned a level 2 spell: Searing Ray
  1548 | D:1      | Learned a level 3 spell: Dazzling Flash
  1929 | D:2      | Reached skill level 5 in Conjurations
  2008 | D:2      | Found Cituzor's Antique Weapon Shoppe.
  2198 | D:2      | Reached XP level 4. HP: 30/30 MP: 3/7
  2400 | D:2      | Killed Sigmund
  2401 | D:2      | Reached skill level 1 in Hexes
  2401 | D:2      | Reached XP level 5. HP: 36/36 MP: 1/9
  2709 | D:3      | Noticed Robin
  2765 | D:2      | HP: 1/35 [goblin/+0 dagger[Robin] (1)]
  2766 | D:2      | Slain by a goblin

Illustrated notes

Levels and vault maps discovered:
D:1:      erik_arrival_cave_to_civilisation [erik_arrival_cave_to_hall],
          layout_rooms
D:2:      layout_loops_corners, serial_shops, shop, basic_altar,
          minmay_indecisive_spiral, uniq_sigmund
D:3:      layout_rooms, nicolae_dithmenos_the_darkroom, uniq_robin, uniq_jessica

Skill      XL: |  1  2  3  4 |
---------------+-------------+-----
Conjurations   | 5 |  5.5
Dodging        | 2 |  2.4
Stealth        | 2 |  2.0
Spellcasting   | 3 |  3.1
Hexes          | 1 |  1.0
Fighting       | |  0.7
Short Blades   | |  0.5
Staves         | |  0.3
Poison Magic   | |  0.9
Evocations     | |  0.8

Action                     |  1- 3 |  4- 6 || total
---------------------------+-------+-------++-------
  Melee: Short sword       |    36 |       ||    36
         Punch             |     2 |       ||     2
         Staff             |    12 |     1 ||    13
   Cast: Magic Dart        |    95 |    10 ||   105
         Searing Ray       |       |     4 ||     4
         Dazzling Flash    |       |     1 ||     1
 Armour: Robe              |    29 |     7 ||    36
  Dodge: Dodged            |    60 |    24 ||    84

Table legend: (Time is in decaauts)
 A = Elapsed time spent in this place.
 B = Non-inter-level travel time spent in this place.
 C = Inter-level travel time spent in this place.
 D = Time resting spent in this place.
 E = Time spent auto-exploring this place.
 F = Levels seen in this place.
 G = Mean time per level.
                   A        B        C        D        E       F      G
               +--------+--------+--------+--------+--------+-----+--------+
         Total |   2771 |   2666 |    105 |      0 |   2177 |   3 |  923.7 |
       Dungeon |   2771 |   2666 |    105 |      0 |   2177 |   3 |  923.7 |
               +--------+--------+--------+--------+--------+-----+--------+

Top non-repeatable levels by time:
     D:2: 1517 daAuts
     D:1: 1246 daAuts
     D:3: 7 daAuts
